 Dungeon Crawl Stone Soup version 0.32-a0-329-ge6c31236d6 (webtiles) character file.

Game seed: 383346495520702471

156 Bobbunny the Caller (level 4, -1/33 HPs)
             Began as a Demigod Summoner on Feb 17, 2024.
             Slain by Grinder (7 damage)
             ... on level 3 of the Dungeon.
             The game lasted 00:04:18 (2460 turns).

Bobbunny the Caller (Demigod Summoner)              Turns: 2460, Time: 00:04:18

Health: -1/33      AC:  4    Str:  9    XL:     4   Next: 91%
Magic:  7/12       EV: 12    Int: 21    God:
Gold:   117        SH:  0    Dex: 14    Spells: 5/9 levels left

rFire   . . .        w - +0 trident
rCold   . . .        (no shield)
rNeg    . . .        a - +0 robe
rPois   .            m - +0 helmet
rElec   .            (no cloak)
rCorr   .            (no gloves)
SInv    .            l - +0 pair of boots
Will    .....        (no amulet)
Stlth   ++           (no ring)
HPRegen 0.25/turn    (no ring)
MPRegen 0.13/turn

%: no passive effects
@: lethally poisoned (-1 -> -3), inugami summoned
A: high MP 1, forlorn, divine attributes
a: no special abilities


You were on level 3 of the Dungeon.
You visited 1 branch of the dungeon, and saw 3 of its levels.

You collected 128 gold pieces.
You spent 11 gold pieces at shops.

Inventory:

Hand Weapons
 i - a +0 whip
 w - a +0 trident (weapon)
Missiles
 c - 9 stones
 e - 3 javelins
 f - 10 poisoned darts
 v - 3 curare-tipped darts
Armour
 a - a +0 robe (worn)
 g - a +0 leather armour
 l - a +0 pair of boots (worn)
 m - a +0 helmet (worn)
Jewellery
 t - a +5 ring of evasion
Scrolls
 h - a scroll of blinking {unknown}
 k - 2 scrolls of identify {unknown}
 n - 2 scrolls of amnesia {unknown}
 o - 2 scrolls of teleportation {unknown}
 u - a scroll of fear {unknown}
Potions
 b - a potion of magic
 d - a potion of heal wounds {unknown}
 j - 2 potions of enlightenment {unknown}
 p - a potion of cancellation {unknown}
 q - a potion of resistance {unknown}
 r - a potion of haste {unknown}
 s - 3 potions of curing {unknown}
 x - a potion of mutation {unknown}
 z - a potion of brilliance {unknown}


   Skills:
 - Level 1.7 Dodging
 - Level 1.7 Stealth
 + Level 3.4 Spellcasting
 + Level 4.9 Summonings


You had 5 spell levels left.
You knew the following spells:

 Your Spells              Type           Power      Damage    Failure   Level
a - Summon Small Mammal   Summ           96%        N/A       1%          1
b - Call Canine Familiar  Summ           24%        N/A       4%          3

Your spell library contained the following spells:

 Spells                   Type           Power      Damage    Failure   Level
 Call Imp                 Summ           48%        N/A       2%          2
 Inner Flame              Hex/Fire       3%         N/A       36%         3
 Summon Blazeheart Golem  Fire/Summ      13%        N/A       43%         4
 Summon Lightning Spire   Summ/Air       13%        N/A       43%         4
 Irradiate                Conj/Alch      1%         3d12      98%         5
 Ignition                 Fire           1%         3d3       100%        8


Dungeon Overview and Level Annotations

Branches:
Dungeon (3/15)

Shops:
D:1 !

Annotations:
D:3 Grinder


Innate Abilities, Weirdness & Mutations

You have an increased reservoir of magic. (+10% MP)
You shall have no god before yourself.
Your divine heritage dramatically boosts your attributes as you level up.


Message History

You feel sick.
Your bat barely misses Grinder.
Your bat hits Grinder but does no damage.
The adder misses you.
Grinder rolls her eyes.
Grinder gestures at you.
You suddenly lose the ability to move!
The adder bites you.
You feel sick.
Your bat barely misses Grinder.
The adder bites you but does no damage.
You feel sick.
Your bat barely misses Grinder.
The adder bites you but does no damage. Grinder hits you.
You writhe in agony.
The adder bites you.
You are more poisoned.
The adder poisons you!
You can move again.
Unknown command.
Unknown command.
Unknown command.
Unknown command.
Unknown command.
You closely miss the adder.
The adder is severely wounded.
You feel sick.
Your bat completely misses Grinder.
Grinder hits you but does no damage. The adder barely misses you.
Your bat barely misses Grinder.
Grinder misses you.
You hit Grinder.
Grinder is moderately wounded.
You feel sick.
Your bat hits Grinder.
Your bat hits Grinder but does no damage.
The adder closely misses you. The adder bites you but does no damage.
Grinder hits you.
* * * LOW HITPOINT WARNING * * *
You writhe in agony.
* * * LOW HITPOINT WARNING * * *
You puncture the adder!
You kill the adder!
You feel sick.
Your bat hits Grinder but does no damage.
Grinder hits you!
You die...
Grinder sighs, "Dead already?
I want a refund."

..............#...
..............#...
..................
##............#... ##
#................. .
..###.............#... ..
................#...
...#####.5b..........)....
.........@.h..........[...
....................†..... .
..?.......(...............
...######...................
...####$...#................
........####................
#....).#.....#..............
#...##...#####.........#....
#.#....................##...


You could see Grinder (ally target), a friendly inugami (summoned, paralysed)
and a friendly bat (summoned).

Vanquished Creatures
  2 adders
  2 endoplasms (D:2)
  3 giant cockroaches (D:2)
  A goblin (D:1)
  A hobgoblin (D:2)
9 creatures vanquished.

Vanquished Creatures (collateral kills)
  3 gnolls (D:3)
  2 adders
  3 dart slugs
  An orc (D:2)
  3 bats
  3 endoplasms
  6 giant cockroaches
  3 goblins
  3 hobgoblins (D:1)
  3 quokkas
  2 ball pythons
  11 kobolds
  2 rats (D:2)
45 creatures vanquished.

Grand Total: 54 creatures vanquished

Notes
Turn   | Place    | Note
-------+----------+-------------------------------------------
     0 | D:1      | Bobbunny the Demigod Summoner began the quest for the Orb.
     0 | D:1      | Reached XP level 1. HP: 14/14 MP: 5/5
   162 | D:1      | Reached XP level 2. HP: 16/20 MP: 5/7
   270 | D:1      | Found Loonwoi's Distillery.
   304 | D:1      | Bought a potion of degeneration for 11 gold pieces
   384 | D:1      | Reached skill level 4 in Summonings
   593 | D:1      | Reached XP level 3. HP: 23/26 MP: 5/9
   917 | D:1      | Learned a level 3 spell: Call Canine Familiar
  1798 | D:2      | Reached XP level 4. HP: 33/33 MP: 9/11
  2258 | D:3      | Noticed Grinder
  2442 | D:3      | Paralysed by Grinder for 2 turns
  2455 | D:3      | Paralysed by Grinder for 3 turns
  2460 | D:3      | Slain by Grinder

Illustrated notes

Levels and vault maps discovered:
D:1:      scummos_arrival_star, layout_loops_ring, serial_shops,
          nicolae_shop_gibbet_a_chance
D:2:      minmay_roachtagon, layout_basic, hellmonk_ecumenical_altar_zigzags
D:3:      layout_rooms, uniq_grinder

Skill      XL: |  1  2  3 |
---------------+----------+-----
Spellcasting   | 2 3 |  3.4
Summonings     | 4 |  4.9
Dodging        | |  1.7
Stealth        | |  1.7

Action                     |  1- 3 |  4- 6 || total
---------------------------+-------+-------++-------
  Melee: Unarmed           |     9 |       ||     9
         Whip              |    42 |    15 ||    57
         Trident           |       |    29 ||    29
   Cast: Summon Small Mamm |    60 |    12 ||    72
         Call Canine Famil |       |     4 ||     4
 Armour: Robe              |    47 |    36 ||    83
  Dodge: Dodged            |    49 |    26 ||    75

Table legend: (Time is in decaauts)
 A = Elapsed time spent in this place.
 B = Non-inter-level travel time spent in this place.
 C = Inter-level travel time spent in this place.
 D = Time resting spent in this place.
 E = Time spent auto-exploring this place.
 F = Levels seen in this place.
 G = Mean time per level.
                   A        B        C        D        E       F      G
               +--------+--------+--------+--------+--------+-----+--------+
         Total |   2476 |   2390 |     86 |    279 |   1513 |   3 |  825.3 |
       Dungeon |   2476 |   2390 |     86 |    279 |   1513 |   3 |  825.3 |
               +--------+--------+--------+--------+--------+-----+--------+

Top non-repeatable levels by time:
     D:2: 1082 daAuts
     D:1: 1028 daAuts
     D:3: 365 daAuts
